 Dungeon Crawl Stone Soup version 0.24-a0-201-gf205589 (webtiles) character file.

Game seed: 10966028029876426077

12770 Borgoz the Slicer (level 11, -8/64 HPs)
             Began as a Gargoyle Gladiator on Mar 26, 2019.
             Was a Follower of Ashenzari.
             Mangled by a seven-headed hydra (10 damage)
             ... on level 11 of the Dungeon.
             The game lasted 00:25:20 (11051 turns).

Borgoz the Slicer (Gargoyle Gladiator)             Turns: 11051, Time: 00:25:20

Health: -8/64      AC: 16    Str: 17    XL:     11   Next: 98%
Magic:  17/18      EV: 16    Int: 10    God:    Ashenzari [*.....]
Gold:   599        SH:  0    Dex: 14    Spells: 17/20 levels left

rFire    . . .     SeeInvis +   J - +0 short sword (drain)
rCold    . . .     Gourm    .   (no shield)
rNeg     + . .     Faith    .   S - +0 troll leather armour
rPois    ∞         Spirit   .   c - +1 helmet
rElec    +         Reflect  .   (no cloak)
rCorr    .         Harm     .   (no gloves)
MR       .....                  A - +0 pair of boots
Stlth    +++.......             (no amulet)
HPRegen  0.60/turn              s - +4 ring of slaying
MPRegen  0.16/turn              r - ring of see invisible

@: confusing touch, about to teleport
A: negative energy resistance 1, electricity resistance, unbreathing,
petrification resistance, rot immunity, AC +8
a: Curse Item, Scrying, Renounce Religion


You were on level 11 of the Dungeon.
You worshipped Ashenzari.
Ashenzari was aware of your devotion.
You were not hungry.

You visited 2 branches of the dungeon, and saw 12 of its levels.
You also visited: Ossuary and Bailey.

You collected 839 gold pieces.
You spent 240 gold pieces at shops.

Inventory:

Hand Weapons
 a - a +1 rapier
 i - a +2 short sword of distortion
 m - a +0 rapier
 J - a +0 short sword of draining (weapon)
Missiles
 d - 5 throwing nets (quivered)
 q - 7 javelins
 H - 10 tomahawks
 L - 26 tomahawks of returning
Armour
 c - a +1 helmet (worn)
 k - a +0 ring mail
 A - a +0 pair of boots (worn)
 S - a +0 troll leather armour (worn)
Jewellery
 r - a ring of see invisible (right hand)
 s - a +4 ring of slaying (left hand)
 z - an uncursed ring of magical power
 K - an uncursed amulet of the acrobat
 O - the ring of Shadows {Umbra +Inv Stlth+}
   (You found it in a bailey)

   [ring of stealth]

   It lets you turn invisible.
   It makes you more stealthy.
 T - a +3 amulet of reflection
 U - an uncursed ring of protection from magic
Wands
 l - a wand of paralysis (5)
 y - a wand of random effects (2)
 M - a wand of iceblast (3)
 P - a wand of acid (6)
Scrolls
 h - 13 scrolls of remove curse
 j - 3 scrolls of enchant weapon
 w - 2 scrolls of enchant armour
 x - a scroll of blinking {unknown}
 D - a scroll of magic mapping
 F - a scroll of teleportation
 G - 4 scrolls of amnesia
 N - a scroll of torment {unknown}
 Q - 2 scrolls of identify
Potions
 b - 2 potions of invisibility
 e - 4 potions of curing
 g - 3 potions of resistance
 o - a potion of brilliance
 p - 3 potions of cancellation
 t - a potion of flight
 u - 3 potions of haste
 v - 5 potions of magic
 B - a potion of agility {unknown}
 C - 3 potions of berserk rage
 E - 2 potions of might
 I - a potion of ambrosia {unknown}
Comestibles
 f - 23 rations


   Skills:
 - Level 6.0 Fighting
 * Level 8.1 Short Blades
 - Level 5.0 Throwing
 * Level 6.9 Armour
 * Level 7.4 Dodging
 + Level 6.6 Stealth
 + Level 5.0 Spellcasting
 + Level 4.7 Hexes
 - Level 2.0 Ice Magic
 + Level 4.6 Evocations


You had 17 spell levels left.
You knew the following spells:

 Your Spells              Type           Power        Failure   Level  Hunger
a - Confusing Touch       Hex            ##....       3%          1    None
b - Ensorcelled Hibernat  Hex/Ice        #.....       11%         2    ##.....

Your spell library contained the following spells:

 Spells                   Type           Power        Failure   Level  Hunger
 Animate Skeleton         Necr           N/A          26%         1    None
 Apportation              Tloc           #.....       26%         1    None
 Summon Small Mammal      Summ           #...         26%         1    None
 Summon Lightning Spire   Summ/Air       #.......     95%         4    ####...
 Silence                  Hex/Air        #.........   96%         5    ######.


Dungeon Overview and Level Annotations

Branches:
Dungeon (11/15)            Temple (1/1) D:6            Lair (0/6) D:9
    Orc: D:9-12

Altars:
Ashenzari
Cheibriados
Dithmenos
Elyvilon
Fedhas
Gozag
Hepliaklqana
Kikubaaqudgha
Makhleb
Nemelex Xobeh
Okawaru
Qazlal
Ru
Sif Muna
Trog
Uskayaw
Vehumet
Wu Jian
Xom
Yredelemnul
Zin
The Shining One

Shops:
D:5 :

Annotations:
D:10 Josephine


Innate Abilities, Weirdness & Mutations

You are resistant to torment.
Your stone body is resilient. (AC +8)
You are immune to poison.
You resist negative energy. (rN+)
You are resistant to electric shocks. (rElec)
You can survive without breathing.
You are immune to petrification.
You are immune to rotting.


Message History

The seven-headed hydra bites you but does no damage.
The seven-headed hydra closely misses you.
The seven-headed hydra bites you but does no damage.
All of the chunks of flesh in your inventory have rotted away.
You feel much better.
The seven-headed hydra bites you but does no damage. x3
The seven-headed hydra bites you! The seven-headed hydra bites you.
The seven-headed hydra bites you but does no damage.
The seven-headed hydra bites you!
You hit the seven-headed hydra but do no damage.
The seven-headed hydra bites you but does no damage.
The seven-headed hydra bites you.
* * * LOW HITPOINT WARNING * * *
The seven-headed hydra bites you!
* * * LOW HITPOINT WARNING * * *
The seven-headed hydra bites you but does no damage.
The seven-headed hydra bites you!
* * * LOW HITPOINT WARNING * * *
The seven-headed hydra bites you!
You die...

#............#.
#..............
............#
............#
............##
.............#
.............#
..........D..# ###
...........o.###@#
#.÷>.........##D##
#.............)##
#..#........##)#
...##.....####.#
.^.##...)## ###
........##
.......##
.......##


You could see a seven-headed hydra.

Vanquished Creatures
  Harold (D:7)
  2 two-headed ogres
  Urug (D:10)
  An unseen horror (D:11)
  A cyclops (D:11)
  2 manticores
  6 trolls
  A merfolk (D:9)
  4 hippogriffs
  5 wraiths (D:10)
  2 wyverns
  Eustachio (D:6)
  A hungry ghost (D:8)
  2 soldier ants
  Duvessa (D:6)
  3 ice beasts
  9 orc warriors
  A black bear (D:6)
  A hornet zombie (D:8)
  2 necrophages
  A sky beast (D:9)
  5 ogres
  3 centaurs
  An elf zombie (Ossuary)
  3 big kobolds
  4 bullfrogs
  Dowan (D:6)
  5 scorpions
  A killer bee (D:11)
  4 howler monkeys (D:7)
  4 crimson imps
  2 centaur zombies
  6 hounds
  A bullfrog zombie (D:9)
  A centaur skeleton (D:9)
  2 human zombies (Ossuary)
  5 orc priests
  8 orc wizards
  2 bullfrog skeletons
  A gnoll shaman (D:5)
  An iguana (D:6)
  4 worker ants
  2 hound zombies
  A hound skeleton (D:7)
  4 mummies (Ossuary)
  6 gnolls
  8 adders
  A shadow imp (D:3)
  2 oozes
  An adder skeleton (D:9)
  3 adder zombies
  3 worms
  2 dart slugs
  9 leopard geckos
  37 orcs
  6 bats
  9 giant cockroaches
  2 gnoll zombies (Ossuary)
  12 goblins
  5 hobgoblins
  4 jackals
  32 kobolds
  8 quokkas
  3 frilled lizards
  2 goblin zombies (Ossuary)
  A hobgoblin zombie (Ossuary)
  A kobold zombie (Ossuary)
  A leopard gecko zombie (D:6)
  13 rats
290 creatures vanquished.

Vanquished Creatures (others)
  A kobold (D:11)
1 creature vanquished.

Grand Total: 291 creatures vanquished

Notes
Turn   | Place    | Note
-------+----------+-------------------------------------------
     0 | D:1      | Borgoz the Gargoyle Gladiator began the quest for the Orb.
     0 | D:1      | Reached XP level 1. HP: 12/12 MP: 1/1
   207 | D:1      | Reached XP level 2. HP: 17/17 MP: 2/2
   561 | D:1      | Reached XP level 3. HP: 16/22 MP: 3/3
   570 | D:1      | Reached skill level 3 in Short Blades
  1076 | D:2      | Reached skill level 1 in Stealth
  1117 | D:2      | Reached skill level 1 in Armour
  1121 | D:2      | Reached XP level 4. HP: 18/27 MP: 3/5
  1666 | D:3      | Reached XP level 5. HP: 11/31 MP: 6/6
  2121 | D:3      | Reached skill level 1 in Spellcasting
  2619 | D:4      | Reached XP level 6. HP: 37/37 MP: 7/7
  3175 | D:5      | Entered Level 5 of the Dungeon
  3183 | D:5      | Reached skill level 4 in Short Blades
  3359 | D:5      | Reached XP level 7. HP: 22/41 MP: 9/9
  3578 | D:5      | Found Suybb's Book Shoppe.
  3586 | D:5      | Bought a book of Cantrips for 240 gold pieces
  3588 | D:5      | Learned a level 1 spell: Confusing Touch
  4211 | D:6      | Noticed Duvessa
  4211 | D:6      | Noticed Dowan
  4222 | D:6      | Killed Duvessa
  4230 | D:6      | Killed Dowan
  4230 | D:6      | Reached skill level 1 in Hexes
  4230 | D:6      | Reached XP level 8. HP: 26/48 MP: 11/11
  4249 | D:6      | Reached skill level 1 in Evocations
  4440 | D:6      | Noticed Eustachio
  4461 | D:6      | Killed Eustachio
  4501 | D:6      | Found a sand-covered staircase.
  4506 | Ossuary  | Entered an ossuary
  4737 | D:6      | Reached skill level 5 in Short Blades
  4822 | D:6      | Found a staircase to the Ecumenical Temple.
  4859 | Temple   | Entered the Ecumenical Temple
  5086 | Temple   | Became a worshipper of Ashenzari the Shackled
  5264 | D:6      | Reached XP level 9. HP: 48/52 MP: 13/13
  5592 | D:7      | Reached skill level 5 in Dodging
  6507 | D:7      | Reached skill level 6 in Short Blades
  6510 | D:7      | Noticed Harold
  6538 | D:7      | Killed Harold
  6538 | D:7      | Reached skill level 5 in Fighting
  6538 | D:7      | Reached XP level 10. HP: 16/59 MP: 13/15
  7064 | D:7      | Reached skill level 5 in Stealth
  7100 | D:8      | Found a flagged portal.
  7154 | D:8      | Found a basalt altar of Yredelemnul.
  7329 | Bailey   | Entered a bailey
  7377 | Bailey   | Found the ring of Shadows {Umbra +Inv Stlth+}
  7377 | Bailey   | Found an iron altar of Okawaru.
  7506 | Bailey   | Identified the Reference Book on Flying Ice
  7519 | Bailey   | Learned a level 2 spell: Ensorcelled Hibernation
  8515 | D:9      | Reached skill level 5 in Armour
  8767 | D:9      | Found a staircase to the Lair.
  8775 | D:9      | Found an iron altar of Okawaru.
  8777 | D:9      | Found a sparkling altar of Nemelex Xobeh.
  8791 | D:9      | Reached skill level 1 in Ice Magic
  9183 | D:9      | Noticed a two-headed ogre
  9198 | D:9      | Killed a two-headed ogre
  9198 | D:9      | Reached skill level 7 in Short Blades
  9198 | D:9      | Reached XP level 11. HP: 34/64 MP: 17/17
  9489 | D:9      | Reached * piety under Ashenzari
  9492 | D:9      | Found a radiant altar of Vehumet.
  9492 | D:9      | Found a snail-covered altar of Cheibriados.
  9492 | D:9      | Found a shadowy altar of Dithmenos.
  9492 | D:9      | Found an opulent altar of Gozag.
  9493 | D:9      | Found an ornate altar of the Wu Jian Council.
  9493 | D:9      | Found a shimmering altar of Xom.
  9494 | D:9      | Found a stormy altar of Qazlal.
  9496 | D:9      | Found a bloodstained altar of Trog.
  9526 | D:10     | Entered Level 10 of the Dungeon
  9594 | D:10     | Noticed Urug
  9615 | D:10     | Killed Urug
  9615 | D:10     | Reached skill level 5 in Throwing
  9631 | D:10     | Noticed a two-headed ogre
  9644 | D:10     | Killed a two-headed ogre
  9806 | D:10     | Noticed Josephine
 10172 | D:10     | Found a shattered altar of Ashenzari.
 10336 | D:11     | Noticed a manticore
 10336 | D:11     | Noticed a cyclops
 10363 | D:10     | Killed a manticore
 10417 | D:11     | Killed a cyclops
 10477 | D:11     | Noticed a manticore
 10496 | D:11     | Killed a manticore
 10770 | D:11     | Reached skill level 8 in Short Blades
 10996 | D:11     | Noticed a seven-headed hydra
 11000 | D:11     | Noticed an unseen horror
 11032 | D:11     | Killed an unseen horror
 11032 | D:11     | Reached skill level 5 in Spellcasting
 11051 | D:11     | HP: 2/64 [seven-headed hydra (7)]
 11051 | D:11     | Mangled by a seven-headed hydra

Levels and vault maps discovered:
D:1:      evilmike_arrival_run_for_it, layout_loops_ring, minmay_misc_feat_five
D:2:      layout_loops_ring, minmay_indecisive_spiral
D:3:      layout_rooms, minmay_joined_circles
D:4:      layout_loops_ring, grunt_ministairs_7
D:5:      layout_gridville, serial_shops, nicolae_shop_statue_plus, first_ration
D:6:      layout_loops_cross, minmay_temple_entry_butterflies,
          nicolae_ossuary_entry_false_entrances, kennysheep_generic_room_10,
          uniq_eustachio, uniq_duvessa
D:7:      layout_loops_ring, uniq_harold
D:8:      layout_cave_pods, kennysheep_mini_moat, enter_bailey_2
D:9:      layout_roguey, minitemple, lair_entry_dummy, hangedman_fish_farm
D:10:     layout_rooms, basic_altar, uniq_urug, uniq_josephine
D:11:     layout_layer_cave
Temple:   minmay_temple_curvy_loop
Ossuary:  ossuary_minmay_tomb_2a
Bailey:   bailey_axe_3, bailey

Skill      XL: |  1  2  3  4  5  6  7  8  9 10 11 |
---------------+----------------------------------+-----
Short Blades   | 3 4 5 6 7 8 |  8.1
Throwing       | 2 3 4 5 |  5.0
Stealth        | 1 2 3 4 5 6 |  6.6
Armour         | 1 2 3 4 5 6 |  6.9
Dodging        | 3 4 5 6 7 |  7.4
Spellcasting   | 1 2 3 4 5 |  5.0
Fighting       | 3 4 5 6 |  6.0
Hexes          | 1 2 3 4 |  4.7
Evocations     | 1 3 4 |  4.6
Ice Magic      | 1 2 |  2.0

Action                   |  1- 3 |  4- 6 |  7- 9 | 10-12 || total
-------------------------+-------+-------+-------+-------++-------
Melee: Rapier            |   119 |   204 |   389 |       ||   712
       Short sword       |       |       |       |   629 ||   629
Throw: Throwing net      |       |       |     3 |     2 ||     5
 Cast: Confusing Touch   |       |       |     6 |    18 ||    24
Evoke: Wand              |       |       |     3 |    16 ||    19
  Use: Scroll            |       |       |    20 |     5 ||    25
       Potion            |       |       |     3 |     4 ||     7
 Stab: Invisible         |       |       |     7 |       ||     7
       Sleeping          |       |       |     4 |    12 ||    16
       Held in net/web   |       |       |     2 |     1 ||     3
       Confused          |       |       |     4 |    17 ||    21
       Distracted        |       |       |     1 |       ||     1
       Paralysed         |       |       |     1 |       ||     1
  Eat: Chunk             |     1 |     7 |     7 |    16 ||    31
       Ration            |       |       |     1 |     1 ||     2
Armor: Leather armour    |    29 |       |       |       ||    29
       Ring mail         |    18 |    94 |   231 |   132 ||   475
       Troll leather arm |       |       |       |   218 ||   218
Dodge: Dodged            |    84 |   123 |   376 |   608 ||  1191

Table legend:
 A = Non-vault XP
 B = Vault XP
 C = Vault XP percentage of total XP
 D = Non-vault monster count
 E = Vault monster count
 F = Vault count percentage of total count
                 A         B        C        D         E       F
            +---------+---------+-------+---------+---------+-------
      Total |   13963 |    4281 |  23.5 |     230 |      60 |  20.7
            +---------+---------+-------+---------+---------+-------
        D:1 |      51 |       5 |   8.9 |      25 |       1 |   3.8
        D:2 |      58 |      14 |  19.4 |      15 |       4 |  21.1
        D:3 |      71 |      20 |  22.0 |      21 |      10 |  32.3
        D:4 |     258 |      74 |  22.3 |      11 |       2 |  15.4
        D:5 |     333 |       0 |   0.0 |      11 |       0 |   0.0
        D:6 |     809 |     412 |  33.7 |      16 |       3 |  15.8
        D:7 |    2013 |    1018 |  33.6 |      30 |       1 |   3.2
        D:8 |    1038 |       0 |   0.0 |      17 |       0 |   0.0
        D:9 |    2875 |     278 |   8.8 |      30 |       1 |   3.2
       D:10 |    3101 |    1796 |  36.7 |      31 |       6 |  16.2
       D:11 |    3356 |       0 |   0.0 |      23 |       0 |   0.0
    Ossuary |       0 |     287 | 100.0 |       0 |      16 | 100.0
     Bailey |       0 |     377 | 100.0 |       0 |      16 | 100.0
            +---------+---------+-------+---------+---------+-------
